Map: Cyber Forest LE

Players

PtitDrogo - Winner!

  • Race: Protoss Protoss
  • League: Grandmaster
  • Spawn Location: 5:00

Rail

  • Race: Protoss Protoss
  • League: Grandmaster
  • Spawn Location: 11:00

Event: 2019 WCS Winter Europe

VOD

Have the link to the VOD?

Description

Time

  • Played on: March 24, 2019, 9:25 a.m.
  • Length: 8:28

All games in this series

Show
View Real Time Build Order
Export as new Build Order

PtitDrogo Protoss - Winner!

Build Orders: Blink Stalkers 

Get SALT Encoding   

  12  0:00  Probe  
  13  0:12  Probe  
  14  0:17  Pylon  
  14  0:24  Probe  
  15  0:32  Probe  
  15  0:38  Gateway  
  15  0:40  Probe  
  16  0:46  Assimilator  
  17  0:50  Probe  
  17  0:54  Assimilator  
  18  0:58  Probe  
  19  1:07  Probe  
  20  1:13  Gateway  
  20  1:17  Probe  
  20  1:25  Cybernetics Core  
  21  1:29  Probe  
  22  1:38  Pylon  
  22  1:41  Probe  
  23  1:52  Warp Gate  
  23  1:56  Probe  
  24  2:02  Stalker x2  
  28  2:13  Pylon  
  28  2:18  Pylon  
  28  2:36  Stalker x2  
  32  2:42  Stargate  
  32  2:54  Probe  
  32  3:02  Nexus  
  32  3:08  Stalker  
  34  3:13  Stalker  
  34  3:17  Probe  
  37  3:26  Twilight Council  
  37  3:30  Probe  
  38  3:41  Pylon  
  38  3:44  Shield Battery  
  38  3:46  Probe  
  39  3:57  Blink  
  39  3:58  Probe  
  38  4:07  Probe  
  38  4:12  Robotics Facility  
  38  4:14  Probe  
  38  4:15  Probe  
  39  4:21  Sentry  
  39  4:22  Probe  
  43  4:25  Probe  
  43  4:28  Sentry  
  47  4:35  Probe  
  47  4:36  Probe  
  47  4:37  Forge  
  48  4:43  Probe  
  49  4:48  Probe, Pylon  
  51  4:53  Probe  
  51  4:59  Probe  
  52  5:00  Observer, Protoss Ground Weapons Level 1  
  52  5:05  Probe  
  52  5:07  Probe  
  55  5:12  Stalker x2  
  60  5:14  Shield Battery  
  60  5:19  Shield Battery  
  64  5:28  Immortal  
  64  5:31  Observer, Gateway  
  65  5:35  Probe x2  
  65  5:40  Assimilator  
  66  5:44  Assimilator  
  66  5:55  Probe  
  66  5:56  Pylon  
  67  6:01  Gateway  
  65  6:04  Gateway  
  65  6:05  Stalker x2  
  65  6:06  Probe  
  70  6:19  Gateway x2  
  70  6:21  Photon Cannon  
  70  6:29  Immortal  
  74  6:39  Observer  
  72  6:40  Robotics Bay  
  72  6:42  Adept x2  
  74  6:48  Adept  
  74  6:49  Observer  
  76  6:56  Adept  
  76  6:58  Pylon  
  76  6:59  Pylon  
  76  7:01  Photon Cannon  
  78  7:17  Adept x4  
  78  7:18  Disruptor  
  89  7:40  Stalker x2  
  89  7:41  Adept x2  
  93  7:45  Pylon  
  93  7:48  Pylon  
  83  8:13  Stalker  
  83  8:14  Stalker  
  83  8:16  Stalker  
Show
View Real Time Build Order
Export as new Build Order

Rail Protoss 

Build Orders:  

Get SALT Encoding   

  12  0:00  Probe  
  13  0:12  Probe  
  14  0:17  Pylon  
  14  0:24  Probe  
  15  0:32  Probe  
  15  0:38  Gateway  
  15  0:40  Probe  
  16  0:46  Assimilator  
  17  0:51  Probe  
  18  0:59  Probe  
  18  1:03  Gateway  
  19  1:07  Probe  
  20  1:12  Assimilator  
  20  1:17  Probe  
  20  1:24  Cybernetics Core  
  21  1:29  Probe  
  22  1:33  Pylon  
  22  1:41  Probe  
  23  1:53  Probe  
  24  2:01  Adept x2  
  24  2:03  Warp Gate  
  24  2:05  Probe  
  29  2:08  Pylon  
  29  2:15  Pylon  
  29  2:31  Adept x2  
  32  2:55  Nexus  
  32  3:01  Adept  
  34  3:07  Adept  
  36  3:18  Robotics Facility  
  36  3:21  Probe  
  37  3:27  Pylon  
  37  3:40  Probe  
  38  3:50  Sentry x2  
  38  3:53  Probe  
  43  3:56  Immortal  
  43  4:10  Shield Battery  
  43  4:14  Stalker, Sentry  
  43  4:15  Probe  
  48  4:18  Probe  
  49  4:27  Probe  
  49  4:28  Observer  
  49  4:30  Probe  
  52  4:39  Probe  
  52  4:40  Probe  
  52  4:41  Forge  
  54  4:48  Probe  
  54  4:51  Probe  
  54  4:52  Immortal  
  60  4:57  Probe  
  60  5:03  Probe  
  62  5:10  Pylon  
  62  5:11  Pylon  
  62  5:15  Protoss Ground Weapons Level 1  
  62  5:23  Warp Prism  
  62  5:28  Probe x2  
  64  5:30  Robotics Bay  
  64  5:31  Assimilator  
  64  5:33  Assimilator  
  66  5:43  Gateway  
  66  5:44  Gateway  
  66  5:46  Gateway  
  66  5:56  Gateway  
  66  5:59  Adept x2  
  70  6:08  Disruptor  
  70  6:09  Pylon  
  70  6:12  Pylon  
  73  6:19  Adept  
  73  6:20  Adept  
  77  6:28  Pylon  
  77  6:29  Pylon  
  77  6:38  Adept x3  
  77  6:39  Adept  
  83  6:44  Adept  
  85  6:51  Adept  
  87  6:55  Pylon, Adept  
  87  6:56  Adept  
  87  6:57  Disruptor  
  94  7:01  Adept  
  94  7:04  Adept  
  94  7:08  Adept  
  100  7:15  Pylon  
  100  7:23  Adept x2  
  100  7:29  Adept x3  
  110  7:41  Adept  
  112  7:45  Adept x2  
  112  7:47  Pylon  
  114  7:54  Adept x2  
  114  7:55  Adept  
  80  8:15  Adept x2  
  80  8:16  Adept x3  
Tags
 
Add a new tag
Caveats
  • Supply blocks, unpowered buildings, or Contaminate may cause inaccurate times.
  • Supply counts are checked every 10 seconds.